 Dungeon Crawl Stone Soup version 0.28-a0-863-g8cecda6153 (webtiles) character file.

Game seed: 191332549536590999

39 freelancePsychic the Covered (level 3, -4/31 HPs)
             Began as a Gnoll Wanderer on Nov 17, 2021.
             Slain by a gnoll (6 damage)
             ... on level 1 of the Dungeon.
             The game lasted 00:02:02 (1477 turns).

freelancePsychic the Covered (Gnoll Wanderer)       Turns: 1477, Time: 00:02:02

Health: -4/31      AC:  9    Str: 10 (12) XL:     3   Next: 47%
Magic:  4/4        EV:  8    Int:  9 (11) God:
Gold:   25         SH:  0    Dex: 10 (11) Spells: 3/3 levels left

rFire   . . .      SeeInvis .   a - +0 hand crossbow
rCold   . . .      Faith    .   (no shield)
rNeg    . . .      Spirit   .   f - +2 scale mail
rPois   .          Reflect  .   (no helmet)
rElec   .          Harm     .   (no cloak)
rCorr   +          Rampage  .   (no gloves)
Will    .....                   (no boots)
Stlth   ..........              (no amulet)
HPRegen 0.10/turn               e - ring of resist corrosion
MPRegen 0.09/turn               (no ring)

@: no status effects
A: fangs 1, strong nose, distributed training
a: no special abilities


You were on level 1 of the Dungeon.
You visited 1 branch of the dungeon, and saw 2 of its levels.

You collected 25 gold pieces.

Inventory:

Hand Weapons
 a - a +0 hand crossbow (weapon)
 b - a +0 short sword
Missiles
 c - 17 bolts (quivered ammo)
Armour
 f - a +2 scale mail (worn)
Jewellery
 e - a ring of resist corrosion (left hand)
 i - a +4 ring of evasion
Scrolls
 h - a scroll of identify {unknown}
 k - 2 scrolls of noise {unknown}
 l - a scroll of teleportation {unknown}
Potions
 j - a potion of might {unknown}
Miscellaneous
 d - a piece from Xom's chessboard (15/15)


   Skills:
 + Level 4.5 Fighting
 + Level 0.8 Short Blades
 + Level 0.8 Long Blades
 + Level 0.8 Axes
 + Level 0.8 Maces & Flails
 + Level 0.8 Polearms
 + Level 0.8 Staves
 + Level 0.8 Slings
 + Level 0.8 Bows
 + Level 6.5 Crossbows
 + Level 0.8 Throwing
 + Level 6.5 Armour
 + Level 0.8 Dodging
 + Level 0.8 Stealth
 + Level 2.6 Shields
 + Level 0.8 Unarmed Combat
 + Level 0.8 Spellcasting
 + Level 0.5 Conjurations
 + Level 0.5 Hexes
 + Level 0.5 Summonings
 + Level 0.5 Necromancy
 + Level 0.5 Translocations
 + Level 0.5 Transmutations
 + Level 0.5 Fire Magic
 + Level 0.5 Ice Magic
 + Level 0.5 Air Magic
 + Level 0.5 Earth Magic
 + Level 0.5 Poison Magic
 + Level 1.0 Invocations
 + Level 2.6 Evocations


You had 3 spell levels left.
You didn't know any spells.
Your spell library was empty.

Dungeon Overview and Level Annotations

Branches:
Dungeon (2/15)

Altars:


Innate Abilities, Weirdness & Mutations

You have very sharp teeth.
Your uncanny sense of smell can sniff out nearby items.
Your experience applies equally to all skills.


Message History

You feel sick.
You are no longer poisoned.
The adder bites you but does no damage. The adder bites you but does no damage.
The adder bites you but does no damage.
Items here: ( )) ÷ †.
There is an escape hatch in the ceiling here.
The gnoll barely misses you. A mysterious force pulls you upwards.
The hatch slams shut behind you.
a - a +0 hand crossbow (weapon)
Fire: 21 bolts
Press: ? - help, Q - select action, (/) - cycle Shift-Dir - straight line, f - gnoll
Aim: a gnoll, wielding a +0 flail and wearing a +0 leather armour (69% to hit)
You shoot a bolt. The bolt barely misses the gnoll.
The gnoll hits you with a +0 flail.
Fire: 20 bolts
Press: ? - help, Q - select action, (/) - cycle Shift-Dir - straight line, f/p - gnoll
Aim: a gnoll, wielding a +0 flail and wearing a +0 leather armour (69% to hit)
You shoot a bolt. The bolt barely misses the gnoll.
The gnoll hits you with a +0 flail.
* * * LOW HITPOINT WARNING * * *
The gnoll hits you with a +0 flail.
* * * LOW HITPOINT WARNING * * *
Fire: 19 bolts
Press: ? - help, Q - select action, (/) - cycle Shift-Dir - straight line, f/p - gnoll
Aim: a gnoll, wielding a +0 flail and wearing a +0 leather armour (69% to hit)
You shoot a bolt. The bolt barely misses the gnoll.
The gnoll closely misses you.
Fire: 18 bolts
Press: ? - help, Q - select action, (/) - cycle Shift-Dir - straight line, f/p - gnoll
Aim: a gnoll, wielding a +0 flail and wearing a +0 leather armour (69% to hit)
You shoot a bolt. The bolt closely misses the gnoll.
A jackal comes into view. x2
The gnoll hits you but does no damage.
The jackal moves out of view.
It was a potion of degeneration.
There was something very wrong with that liquid.
You feel weakened.
You feel dopey.
You feel clumsy.
The jackal barks!
The gnoll hits you with a +0 flail.
You die...

...................##.# #....#
.........(.........##.# #.####
...................##.######.#...
..)........h.......##......#.#.##
...................##......#.#..#
...................##......#.##.#
...................'.......#....#
...............g...##......######
#+####..........@..##......#.....
#.# ######................#.####
#.# #.###.#####......#.#... #.#
#.# #.# #......#.#.## #.# #.# #.#
##.....#.#..# #.#########.###.#
#.....#.##.# ................#
#.....#.†..# #.#########.#####
############ #.# #.# #.....


You could see a gnoll and a jackal.

Vanquished Creatures
  A worm (D:2)
  2 dart slugs
  2 ball pythons (D:2)
  2 endoplasms (D:1)
  2 giant cockroaches
  3 goblins (D:2)
  2 hobgoblins
  A jackal (D:1)
  A quokka (D:1)
  8 bats
  A frilled lizard (D:2)
  5 kobolds
  2 rats (D:1)
32 creatures vanquished.

Vanquished Creatures (others)
  79 plants (D:1)
79 creatures vanquished.

Grand Total: 111 creatures vanquished

Notes
Turn   | Place    | Note
-------+----------+-------------------------------------------
     0 | D:1      | freelancePsychic the Gnoll Wanderer began the quest for the
                  | Orb.
     0 | D:1      | freelancePsychic set off with the following items: a +0
                  | hand crossbow, a +2 scale mail, 21 bolts, a piece from
                  | Xom's chessboard (15/15)
     0 | D:1      | Reached XP level 1. HP: 20/20 MP: 1/1
   157 | D:1      | Reached XP level 2. HP: 18/26 MP: 2/2
   650 | D:1      | Found a faded altar of an unknown god.
   975 | D:2      | Reached XP level 3. HP: 30/31 MP: 3/3
  1417 | D:2      | Reached skill level 1 in Invocations
  1474 | D:1      | HP: 1/31 [gnoll (6)]
  1477 | D:1      | Slain by a gnoll

Illustrated notes

Levels and vault maps discovered:
D:1:      roderic_crop_circles_arrival_small, layout_basic,
          hellmonk_ecumenical_altar_dog_temple, patterned_corridor
D:2:      kennysheep_six_static_rooms, layout_rooms, uniq_natasha

Skill      XL: |  1  2  3 |
---------------+----------+-----
Invocations    | 1 |  1.0
Fighting       | |  4.5
Short Blades   | |  0.8
Long Blades    | |  0.8
Axes           | |  0.8
Maces & Flails | |  0.8
Polearms       | |  0.8
Staves         | |  0.8
Slings         | |  0.8
Bows           | |  0.8
Crossbows      | |  6.5
Throwing       | |  0.8
Armour         | |  6.5
Dodging        | |  0.8
Stealth        | |  0.8
Shields        | |  2.6
Unarmed Combat | |  0.8
Spellcasting   | |  0.8
Conjurations   | |  0.5
Hexes          | |  0.5
Summonings     | |  0.5
Necromancy     | |  0.5
Translocations | |  0.5
Transmutations | |  0.5
Fire Magic     | |  0.5
Ice Magic      | |  0.5
Air Magic      | |  0.5
Earth Magic    | |  0.5
Poison Magic   | |  0.5
Evocations     | |  2.6

Action                   || total
-------------------------++-------
Melee: Short sword       ||   115
       Bite              ||     8
 Fire: Hand crossbow     ||    12
  Use: Potion            ||     1
Armor: Scale mail        ||    97
Dodge: Dodged            ||    63

Table legend: (Time is in decaauts)
 A = Elapsed time spent in this place.
 B = Non-inter-level travel time spent in this place.
 C = Inter-level travel time spent in this place.
 D = Time resting spent in this place.
 E = Time spent auto-exploring this place.
 F = Levels seen in this place.
 G = Mean time per level.
                   A        B        C        D        E       F      G
               +--------+--------+--------+--------+--------+-----+--------+
         Total |   1484 |   1377 |    107 |     42 |   1055 |   2 |  742.0 |
       Dungeon |   1484 |   1377 |    107 |     42 |   1055 |   2 |  742.0 |
               +--------+--------+--------+--------+--------+-----+--------+

Top non-repeatable levels by time:
     D:1: 990 daAuts
     D:2: 494 daAuts
